 Dungeon Crawl Stone Soup version 0.22-b1-59-g0aedee734a (webtiles) character file.

1247 3rdEnemy the Skirmisher (level 8, -9/70 HPs)
             Began as a Centaur Fighter on Aug 9, 2018.
             Was a Follower of Zin.
             Mangled by a two-headed ogre
             ... wielding a +0 giant club
              (14 damage)
             ... on level 6 of the Dungeon.
             The game lasted 00:10:13 (4754 turns).

3rdEnemy the Skirmisher (Centaur Fighter)           Turns: 4754, Time: 00:10:14

Health: -9/70      AC:  9    Str: 25    XL:     8   Next: 25%
Magic:  0/8        EV:  7    Int:  7    God:    Zin [*.....]
Gold:   331        SH: 13    Dex:  9    Spells: 7/7 levels left

rFire    . . .     SeeInvis .   a - +1 trident
rCold    . . .     Gourm    .   c - +0 shield
rNeg     . . .     Faith    .   u - +0 ring mail {rPois}
rPois    +         Spirit   +   (no helmet)
rElec    .         Reflect  +   v - scarf {Spirit}
rCorr    .         Harm     .   j - +0 pair of gloves
MR       .....                  (no barding)
Stlth    ..........             o - +3 amulet of reflection
HPRegen  0.21/turn              i - +2 ring of protection
MPRegen  0.11/turn              b - +4 ring of strength

@: very quick
A: large, hooves 3, deformed body, speed 2, tough skin 3
a: Recite, Donate Gold, Renounce Religion


You were on level 6 of the Dungeon.
You worshipped Zin.
Zin was aware of your devotion.
You were not hungry.

You visited 2 branches of the dungeon, and saw 7 of its levels.

You collected 367 gold pieces.
You donated 36 gold pieces to Zin.

Inventory:

Hand Weapons
 a - a +1 trident (weapon)
 D - a +0 shortbow
Missiles
 E - an arrow
Armour
 c - a +0 shield (worn)
 j - a +0 pair of gloves (worn)
 p - a scarf of cloud immunity
 u - a +0 ring mail of poison resistance (worn)
 v - a scarf of spirit shield (worn)
Jewellery
 b - a +4 ring of strength (right hand)
 i - a +2 ring of protection (left hand)
 o - a +3 amulet of reflection (around neck)
 q - a cursed -6 ring of dexterity {unknown}
Wands
 g - a wand of iceblast (9)
Scrolls
 e - 3 scrolls of enchant weapon
 h - 3 scrolls of teleportation {unknown}
 k - a scroll of magic mapping {unknown}
 l - 2 scrolls of blinking {unknown}
 m - a scroll of summoning {unknown}
 n - 2 scrolls of random uselessness {unknown}
 s - a scroll of amnesia {unknown}
 t - a scroll of fear {unknown}
 w - a scroll of enchant armour {unknown}
 y - a scroll of holy word {unknown}
Potions
 d - a potion of mutation {unknown}
 r - 3 potions of curing
 x - a potion of might
 z - 2 potions of heal wounds {unknown}
 A - 2 potions of cancellation
 C - a potion of haste
Comestibles
 f - 7 rations
 B - 2 chunks of flesh


   Skills:
 + Level 5.8 Fighting
 + Level 4.8 Polearms
 + Level 4.3 Armour
 + Level 4.3 Shields


You had 7 spell levels left.
You didn't know any spells.
Your spell library was empty.

Dungeon Overview and Level Annotations

Branches:
Dungeon (6/15)             Temple (1/1) D:5

Altars:
Ashenzari
Cheibriados
Dithmenos
Fedhas
Gozag
Kikubaaqudgha
Makhleb
Nemelex Xobeh
Okawaru
Qazlal
Ru
Sif Muna
Trog
Uskayaw
Vehumet
Wu Jian
Xom
Yredelemnul
Zin

Shops:
D:5 [}(*}   D:6 ?


Innate Abilities, Weirdness & Mutations

You have hooves in place of feet.
Armour fits poorly on your strangely shaped body.
You cover ground very quickly.
You have extremely tough skin. (AC +3)


Message History

Aim: a two-headed ogre, wielding two giant clubs You reach to attack!
You hit the two-headed ogre.
The two-headed ogre is lightly wounded.
The two-headed ogre hits you with a giant club!
The two-headed ogre hits you with a giant club!!
* * * LOW HITPOINT WARNING * * *
You are too injured to fight recklessly!
Attack whom?
Press: ? - help, Dir - move target cursor, f/p - two-headed ogre
Aim: a two-headed ogre, wielding two giant clubs (lightly wounded)
You reach to attack!
You puncture the two-headed ogre!
The two-headed ogre is lightly wounded.
Unknown command.
Attack whom?
Press: ? - help, Dir - move target cursor, f/p - two-headed ogre
Aim: a two-headed ogre, wielding two giant clubs (lightly wounded)
You reach to attack!
You puncture the two-headed ogre!
The two-headed ogre is moderately wounded.
The two-headed ogre hits you with a giant club!
You die...

.....###'##...+..∩..'.# #.##.#.#
.....##....)..#.#.#.### #.##.#.#
.....##.......#.....# #.##...#
.....##.......###'#######.######
..÷....................>.......#
###'#....).#........>.....####.#
....#..........#.#####....# #.#
#####........#..........#.# #.#
#.......##.#@#####..#.# #.#
#.......##.#O# #..#.# #.#
######..##.#.#####..#.# ###
#..##'#....)...#.#
#.......))###.#..
#######.........# #.#.#
(..?..((........# #.#.#
....####+#†###### .# .
#..........# .#


You could see a two-headed ogre.

Vanquished Creatures
  An orc warrior (D:6)
  An ogre (D:4)
  A centaur (D:6)
  2 bullfrogs (D:6)
  A howler monkey (D:6)
  A crimson imp (D:6)
  2 hounds (D:5)
  A jelly (D:4)
  3 orc priests
  7 orc wizards
  An iguana (D:5)
  4 worker ants
  A hound zombie (D:5)
  4 gnolls (D:3)
  4 worker ant zombies
  5 adders
  A shadow imp (D:6)
  9 oozes
  An adder zombie (D:5)
  A worm (D:2)
  A dart slug (D:2)
  2 leopard geckos
  15 orcs
  5 giant cockroaches
  7 hobgoblins
  8 jackals
  12 kobolds
  3 quokkas
  A ball python (D:5)
  2 bats (D:2)
  9 frilled lizards
  5 goblins
  A jackal zombie (D:3)
  A leopard gecko skeleton (D:6)
  7 rats
130 creatures vanquished.

Vanquished Creatures (others)
  A kobold (D:3)
  4 toadstools (D:4)
5 creatures vanquished.

Grand Total: 135 creatures vanquished

Notes
Turn   | Place    | Note
-------+----------+-------------------------------------------
     0 | D:1      | 3rdEnemy the Centaur Fighter began the quest for the Orb.
     0 | D:1      | Reached XP level 1. HP: 19/19 MP: 1/1
    19 | D:1      | Reached XP level 2. HP: 13/26 MP: 2/2
   430 | D:2      | Reached XP level 3. HP: 21/31 MP: 3/3
   649 | D:2      | Found a sacrificial altar of Ru.
  1073 | D:2      | Found a deep blue altar of Sif Muna.
  1115 | D:3      | Reached XP level 4. HP: 38/39 MP: 4/4
  1529 | D:3      | Reached XP level 5. HP: 11/46 MP: 5/5
  1790 | D:3      | Reached skill level 4 in Fighting
  2543 | D:4      | Noticed an ogre
  2583 | D:4      | Killed an ogre
  2583 | D:4      | Reached XP level 6. HP: 48/53 MP: 6/6
  2907 | D:4      | Reached XP level 7. HP: 34/60 MP: 1/7
  3106 | D:5      | Entered Level 5 of the Dungeon
  3202 | D:5      | Found Fiaff's Armour Shoppe.
  3311 | D:5      | Found Xud Mej's Gadget Emporium.
  3383 | D:5      | Reached skill level 5 in Fighting
  3521 | D:5      | Found a snail-covered altar of Cheibriados.
  3754 | D:5      | Found a staircase to the Ecumenical Temple.
  3847 | Temple   | Entered the Ecumenical Temple
  4017 | Temple   | Became a worshipper of Zin the Law-Giver
  4017 | Temple   | Reached * piety under Zin
  4075 | D:5      | Found Ecafeyci's Gadget Emporium.
  4127 | D:5      | Found Ceshenoa's Antique Weapon Emporium.
  4129 | D:5      | Found Ipour's General Store.
  4586 | D:6      | Found Iklith's Magic Scroll Shoppe.
  4659 | D:6      | Reached XP level 8. HP: 64/69 MP: 6/8
  4744 | D:6      | Noticed a two-headed ogre
  4754 | D:6      | Mangled by a two-headed ogre

Skill      XL: |  1  2  3  4  5  6  7 |
---------------+----------------------+-----
Polearms       | 2 3 4 |  4.8
Fighting       | 4 5 |  5.8
Shields        | 3 4 |  4.3
Armour         | 3 4 |  4.3

Action                   |  1- 3 |  4- 6 |  7- 9 || total
-------------------------+-------+-------+-------++-------
Melee: Trident           |   112 |   205 |   146 ||   463
       Kick              |    12 |    32 |    30 ||    74
  Use: Potion            |     2 |     3 |       ||     5
       Scroll            |       |     2 |       ||     2
  Eat: Chunk             |       |     2 |     4 ||     6
       Ration            |       |     1 |       ||     1
Armor: Scale mail        |    51 |    65 |       ||   116
       Ring mail         |       |     3 |    52 ||    55
Dodge: Dodged            |    23 |    22 |    17 ||    62
Block: Shield            |    44 |   118 |    69 ||   231
       Reflection        |       |     3 |     1 ||     4
